 Dungeon Crawl Stone Soup version 0.28.0-45-g0d030f2227 (webtiles) character file.

Game seed: 4477082161842746284

504 zeratav the Insei (level 7, -4/46 HPs)
             Began as an Octopode Transmuter on Apr 7, 2022.
             Slain by a sky beast (6 damage)
             ... on level 5 of the Dungeon.
             The game lasted 00:12:37 (5801 turns).

zeratav the Insei (Octopode Transmuter)             Turns: 5801, Time: 00:12:38

Health: -4/46      AC:  1    Str:  9    XL:     7   Next: 17%
Magic:  10/10      EV: 14    Int: 16    God:
Gold:   192        SH:  0    Dex: 14    Spells: 9/10 levels left

rFire   . . .      SeeInvis .     - Unarmed
rCold   . . .      Faith    .   (no shield)
rNeg    . . .      Spirit   .   (helmet restricted)
rPois   .          Reflect  .   (no amulet)
rElec   .          Harm     .   (no ring)
rCorr   .          Rampage  .   (no ring)
Will    .....                   (no ring)
Stlth   ++++......              (no ring)
HPRegen 0.15/turn               (no ring)
MPRegen 0.12/turn               (no ring)
                                (no ring)
                                (no ring)

@: no status effects
A: almost no armour, amphibious, 8 rings, camouflage 1, gelatinous body 1,
(nimble swimmer 1), tentacles
a: no special abilities


You were on level 5 of the Dungeon.
You visited 1 branch of the dungeon, and saw 5 of its levels.

You collected 192 gold pieces.


Innate Abilities, Weirdness & Mutations

You cannot wear most types of armour.
You are amphibious.
You can wear up to eight rings at the same time.
Your skin changes colour to match your surroundings (Stealth+).
Your rubbery body absorbs attacks. (AC +1, EV +1)
((You are camouflaged when in or above water. (Stealth+)))
You have tentacles for arms and can constrict up to eight enemies at once.


   Skills:
 + Level 3.3 Fighting
 + Level 3.8 Dodging
 + Level 4.3 Stealth
 * Level 5.4 Unarmed Combat
 - Level 2.0 Spellcasting
 - Level 2.0 Transmutations


You had 9 spell levels left.
You knew the following spells:

 Your Spells              Type           Power      Damage    Failure   Level
a - Beastly Appendage     Tmut           16%        N/A       9%          1

Your spell library contained the following spells:

 Spells                   Type           Power      Damage    Failure   Level
 Wereblood                Tmut           8%         N/A       14%         2
 Foxfire                  Conj/Fire      4%         2x1d4     21%         1
 Shock                    Conj/Air       4%         1d3       21%         1
 Spider Form              Tmut/Pois      4%         N/A       38%         3
 Conjure Flame            Conj/Fire      1%         6-21      52%         3
 Inner Flame              Hex/Fire       1%         N/A       52%         3
 Swiftness                Air            1%         N/A       52%         3
 Ice Form                 Ice/Tmut       4%         N/A       80%         4
 Airstrike                Air            0%         N/A       90%         4
 Flame Wave               Conj/Fire      1%         2d4       90%         4

Inventory:

Hand Weapons
 q - a +2 dagger of venom {short}
   (You took it off a goblin on level 4 of the Dungeon)
Wands
 g - a wand of flame (13)
   (You took it off Robin on level 2 of the Dungeon)
 o - a wand of charming (9)
   (You found it on level 4 of the Dungeon)
Scrolls
 a - 2 scrolls of vulnerability {unknown}
 b - a scroll of noise {unknown}
 c - 4 scrolls of enchant armour {unknown}
 d - a scroll of torment {unknown}
 f - 3 scrolls of teleportation {unknown}
 j - a scroll of blinking {unknown}
 k - 4 scrolls of identify {unknown}
 l - 2 scrolls of fog {unknown}
 p - a scroll of immolation {unknown}
Potions
 e - 2 potions of heal wounds {unknown}
 h - a potion of invisibility {unknown}
 m - 4 potions of curing {unknown}
 n - a potion of flight {unknown}

Dungeon Overview and Level Annotations

Branches:
Dungeon (5/15)
 Temple: D:4-7

Altars:

Shops:
D:3 (

Annotations:
D:3 1 runed translucent door, Icepheonix32's ghost, amateur DsFi

.......#.####.#......+
#............###...##
#..........### #+#.#
#..........#####.#####
#...###.####.........#+#
#.. #.........####...#
#. #<........# ###..
#...###.........# ###
#......@Y..)....#
#################


You could see a sky beast.


Message History

You take 1 damage, and now have 45/46 hp.
You closely miss the adder. You grab the adder.
You pierce the adder, but do no damage.
You constrict the adder.
You feel sick. The adder bites you. x2
You are more poisoned.
The adder poisons you!
HP[-10]
You take 10 damage, and now have 35/46 hp.
MASSIVE DAMAGE!! (PAUSE)
You tentacle-slap the adder but do no damage.
You pierce the adder.
You constrict the adder.
You kill the adder!
You feel sick.
HP[-1]
You take 1 damage, and now have 34/46 hp.
You feel sick.
HP[-1]
You take 1 damage, and now have 33/46 hp.
You feel sick.
HP[-1]
You take 1 damage, and now have 32/46 hp.
You start resting.
Your transformation is almost over.
You feel sick. x2
HP[-2] MP[+1]
You take 2 damage, and now have 30/46 hp.
Your mp is fully restored (10).
You start resting.
You feel sick. x3
You are no longer poisoned.
Your tentacle spike disappears.
HP[+16]
Your hp is fully restored (46).
You start waiting.
Done waiting.
There is an escape hatch in the ceiling here.
A sky beast comes into view.
One of your tentacles grows a vicious spike.
MP[-1]
You lost 1 mp, and now have 9/10 mp.
The helpless sky beast fails to defend itself.
You tentacle-slap the sky beast but do no damage.
Your tentacle spike misses the sky beast.
Your squeeze misses the sky beast.
The sky beast flickers out of sight!
Deactivating autopickup; reactivate with Ctrl-A.
Something hits you. Something shocks you.
HP[-7] MP[+1]
You take 7 damage, and now have 39/46 hp.
Your mp is fully restored (10).
HP[+1]
Your transformation is almost over.
A sky beast appears from thin air!
Reactivating autopickup.
You tentacle-slap the sky beast but do no damage.
You pierce the sky beast.
You squeeze the sky beast! The sky beast hits you. The sky beast shocks you.
HP[-8]
You take 8 damage, and now have 32/46 hp.
You closely miss the sky beast. The sky beast hits you.
The sky beast shocks you.
HP[-6]
You take 6 damage, and now have 26/46 hp.
You tentacle-slap the sky beast. The sky beast closely misses you.
You barely miss the sky beast.
You pierce the sky beast.
Your tentacle-slap misses the sky beast.
Your squeeze misses the sky beast. The sky beast barely misses you.
HP[+1]
You barely miss the sky beast.
You pierce the sky beast, but do no damage.
You squeeze the sky beast. The sky beast barely misses you.
You tentacle-slap the sky beast but do no damage.
Your tentacle spike disappears.
The sky beast flickers out of sight!
Deactivating autopickup; reactivate with Ctrl-A.
Something hits you. Something shocks you.
* * * LOW HITPOINT WARNING * * *
HP[-7]
You take 7 damage, and now have 20/46 hp.
HP[+1]
A sky beast appears from thin air!
Reactivating autopickup.
The sky beast misses you.
HP[+1]
You closely miss the sky beast. The sky beast hits you.
* * * LOW HITPOINT WARNING * * *
The sky beast shocks you.
* * * LOW HITPOINT WARNING * * *
HP[-7]
You take 7 damage, and now have 15/46 hp.
You barely miss the sky beast. The sky beast hits you.
* * * LOW HITPOINT WARNING * * *
The sky beast shocks you.
* * * LOW HITPOINT WARNING * * *
HP[-10]
You take 10 damage, and now have 5/46 hp.
MASSIVE DAMAGE!! (PAUSE)
You closely miss the sky beast. You squeeze the sky beast.
The sky beast hits you.
* * * LOW HITPOINT WARNING * * *
The sky beast shocks you.
You die...

Skill      XL: |  1  2  3  4  5  6 |
---------------+-------------------+-----
Stealth        | 1 2 3 4 |  4.3
Fighting       | 2 3 |  3.3
Unarmed Combat | 4 5 |  5.4
Dodging        | 3 |  3.8
Spellcasting   | |  2.0
Transmutations | |  2.0

Action                   |  1- 3 |  4- 6 |  7- 9 || total
-------------------------+-------+-------+-------++-------
Melee: Unarmed           |    69 |   149 |    18 ||   236
       Constrict         |    17 |    39 |     2 ||    58
       Kick              |    17 |    37 |     8 ||    62
       Tentacles         |     8 |    29 |     4 ||    41
       Punch             |       |    13 |       ||    13
       Dagger            |       |     4 |       ||     4
 Cast: Beastly Appendage |    19 |    43 |     4 ||    66
 Stab: Sleeping          |     4 |    16 |     1 ||    21
Armor: Skin              |     7 |     4 |       ||    11
Dodge: Dodged            |    35 |    57 |     6 ||    98

Levels and vault maps discovered:
D:1:      minmay_arrival_semitransparent, layout_basic,
          hellmonk_ecumenical_altar_leap_of_faith, grunt_decor_one_mirror,
          minmay_lizard_pond
D:2:      layout_loops_ring, uniq_robin, uniq_natasha
D:3:      layout_rooms, hellmonk_ghost_happy_afterlife, serial_shops,
          nicolae_shop_bloodbath_and_beyond
D:4:      layout_loops_corners, uniq_blork_the_orc
D:5:      nicolae_cairo_tiling_very_big, layout_basic

Notes
Turn   | Place    | Note
-------+----------+-------------------------------------------
     0 | D:1      | zeratav the Octopode Transmuter began the quest for the
                  | Orb.
     0 | D:1      | Reached XP level 1. HP: 13/13 MP: 3/3
     0 | D:1      | magus.rc [v1.9.6]
   376 | D:1      | magus.rc [v1.9.6]
   403 | D:1      | Reached skill level 1 in Stealth
   403 | D:1      | Reached XP level 2. HP: 18/18 MP: 3/5
   564 | D:1      | Reached XP level 3. HP: 13/23 MP: 4/6
   777 | D:1      | Found a faded altar of an unknown god.
  1465 | D:2      | Noticed Natasha
  1477 | D:2      | Killed Natasha
  1478 | D:2      | Reached skill level 2 in Stealth
  1478 | D:2      | Reached XP level 4. HP: 14/29 MP: 7/7
  1656 | D:2      | Noticed Natasha
  1661 | D:2      | Reached skill level 2 in Fighting
  1664 | D:2      | Killed Natasha
  1665 | D:2      | Reached skill level 4 in Unarmed Combat
  1855 | D:2      | Noticed Robin
  1874 | D:2      | Reached XP level 5. HP: 10/34 MP: 8/8
  1876 | D:2      | HP: 8/34 [poisoned by an adder]
  2136 | D:2      | Killed Robin
  2168 | D:2      | Noticed Natasha
  2428 | D:2      | Reached skill level 3 in Dodging
  2628 | D:2      | You fall into a shaft and drop 1 floor!
  2628 | D:3      | Noticed Icepheonix32's ghost (amateur DsFi)
  2632 | D:3      | Found a runed translucent door.
  2666 | D:3      | Reached skill level 3 in Stealth
  2788 | D:3      | HP: 7/35 [orc wizard/magic dart (8)]
  2793 | D:3      | HP: 2/35 [orc wizard/+0 dagger (4)]
  2795 | D:3      | Reached XP level 6. HP: 2/41 MP: 9/9
  2949 | D:3      | HP: 9/41 [hobgoblin/+0 hand axe (5)]
  3498 | D:2      | Killed Natasha
  4105 | D:3      | Reached skill level 5 in Unarmed Combat
  4164 | D:3      | Found Dohyus's Weapon Shoppe.
  4710 | D:4      | You pick up a book of Air and begin reading...
  4710 | D:4      | You add the spells Shock, Swiftness and Airstrike to your
                  | library.
  4789 | D:4      | You pick up a book of Flames and begin reading...
  4789 | D:4      | You add the spells Foxfire, Conjure Flame, Inner Flame and
                  | Flame Wave to your library.
  4803 | D:4      | Reached skill level 3 in Fighting
  5147 | D:4      | Noticed Blork the orc
  5170 | D:4      | Killed Blork the orc
  5171 | D:4      | Reached skill level 4 in Stealth
  5330 | D:5      | Entered Level 5 of the Dungeon
  5370 | D:5      | Reached XP level 7. HP: 46/46 MP: 10/10
  5800 | D:5      | HP: 11/46 [sky beast (4)]
  5800 | D:5      | HP: 5/46 [sky beast (6)]
  5801 | D:5      | HP: 2/46 [sky beast (3)]
  5801 | D:5      | Slain by a sky beast

Vanquished Creatures
  Blork the orc (D:4)
  A water moccasin skeleton (D:5)
  2 orc priests
  An iguana (D:5)
  Natasha (thrice) (D:2)
  2 orc wizards (D:3)
  Robin (D:2)
  A gnoll (D:1)
  4 adders
  An adder skeleton (D:4)
  2 worms
  2 dart slugs
  11 orcs
  8 endoplasms
  3 giant cockroaches
  16 goblins
  11 hobgoblins
  2 quokkas
  9 ball pythons
  5 bats
  5 frilled lizards
  7 kobolds
  10 rats
108 creatures vanquished.

Table legend:
 A = Non-vault XP
 B = Vault XP
 C = Vault XP percentage of total XP
 D = Non-vault monster count
 E = Vault monster count
 F = Vault count percentage of total count
                 A         B        C        D         E       F
            +---------+---------+-------+---------+---------+-------
      Total |     554 |     167 |  23.2 |      92 |      16 |  14.8
            +---------+---------+-------+---------+---------+-------
        D:1 |      58 |       3 |   4.9 |      29 |       3 |   9.4
        D:2 |     198 |      70 |  26.1 |      29 |      12 |  29.3
        D:3 |     146 |       0 |   0.0 |      17 |       0 |   0.0
        D:4 |      35 |      94 |  72.9 |      14 |       1 |   6.7
        D:5 |     117 |       0 |   0.0 |       3 |       0 |   0.0
            +---------+---------+-------+---------+---------+-------

Illustrated notes

Table legend:
 A = Kills in this place as a percentage of kills in entire the game.
 B = Kills by you in this place as a percentage of kills by you in the entire game.
 C = Kills by friends in this place as a percentage of kills by friends in the entire game.
 D = Other kills in this place as a percentage of other kills in the entire game.
 E = Experience gained in this place as a percentage of experience gained in the entire game.
 F = Experience gained in this place divided by the number of levels of this place that you have seen.
                   A       B       C       D       E      F
               +-------+-------+-------+-------+-------+----------------------
         Total | 100.0 | 100.0 |   N/A |   N/A | 100.0 | 144.2
       Dungeon | 100.0 | 100.0 |   N/A |   N/A | 100.0 | 144.2
               +-------+-------+-------+-------+-------+----------------------

Table legend: (Time is in decaauts)
 A = Elapsed time spent in this place.
 B = Non-inter-level travel time spent in this place.
 C = Inter-level travel time spent in this place.
 D = Time resting spent in this place.
 E = Time spent auto-exploring this place.
 F = Levels seen in this place.
 G = Mean time per level.
                   A        B        C        D        E       F      G
               +--------+--------+--------+--------+--------+-----+--------+
         Total |   5790 |   5741 |     49 |   2198 |   2395 |   5 | 1158.0 |
       Dungeon |   5790 |   5741 |     49 |   2198 |   2395 |   5 | 1158.0 |
               +--------+--------+--------+--------+--------+-----+--------+

Top non-repeatable levels by time:
     D:1: 1698 daAuts
     D:2: 1664 daAuts
     D:3: 989 daAuts
     D:4: 969 daAuts
     D:5: 468 daAuts
